 Dungeon Crawl Stone Soup version 0.20-a0-296-gf222164 (webtiles) character file.

140 tsouns the Chopper (level 5, -1/39 HPs)
             Began as a Demonspawn Wanderer on Dec 14, 2016.
             Was an Initiate of Makhleb.
             Slain by a gnoll
             ... wielding a +0 flail
              (6 damage)
             ... on level 3 of the Dungeon.
             The game lasted 00:07:37 (2628 turns).

tsouns the Chopper (Demonspawn Wanderer)            Turns: 2628, Time: 00:07:38

Health: -1/39      AC:  5    Str: 11    XL:     5   Next: 2%
Magic:  6/6        EV: 11    Int: 16    God:    Makhleb [......]
Gold:   210        SH:  0    Dex: 12    Spells: 1/6 levels left

rFire  . . .     SeeInvis .     a - +3 hand axe
rCold  . . .     Gourm    .     d - +0 robe
rNeg   . . .     Faith    .     (no shield)
rPois  +         Spirit   .     (no helmet)
rElec  .         Reflect  .     (no cloak)
rCorr  .         Harm     .     i - +0 pair of gloves
MR     .....                    (no boots)
Stlth  +++.......               (no amulet)
                                (no ring)
                                h - ring of poison resistance

@: repel missiles, drained
A: molten scales 1, nightstalker 1
a: Renounce Religion


You were on level 3 of the Dungeon.
You worshipped Makhleb.
Makhleb was noncommittal.
You were not hungry.

You visited 1 branch of the dungeon, and saw 3 of its levels.

You collected 210 gold pieces.

Inventory:

Hand Weapons
 a - a +3 hand axe (weapon)
 e - a +0 dagger
Missiles
 l - 102 stones (quivered)
Armour
 d - a +0 robe (worn)
 i - a +0 pair of gloves (worn)
Jewellery
 h - a ring of poison resistance (left hand)
Scrolls
 o - a scroll of remove curse
Potions
 g - a potion of resistance {unknown}
 j - a potion of brilliance
 k - a potion of heal wounds
 s - a potion of cancellation
Books
 b - the Papyrus of the Rocks

   Spells                             Type                      Level
   a - Sandblast                      Earth                        1
   b - Stone Arrow                    Conjuration/Earth            3
 c - the Catalogue of Displacement

   Spells                             Type                      Level
   a - Shroud of Golubria             Charms/Translocation         2
   b - Blink                          Translocation                2
 n - a book of Minor Magic

   Spells                             Type                      Level
   a - Magic Dart                     Conjuration                  1
   b - Blink                          Translocation                2
   c - Call Imp                       Summoning                    2
   d - Repel Missiles                 Charms/Air                   2
   e - Slow                           Hexes                        2
   f - Conjure Flame                  Conjuration/Fire             3
   g - Mephitic Cloud                 Conjuration/Poison/Air       3
Comestibles
 f - 3 bread rations
 m - 11 chunks of flesh
 p - a meat ration
 q - 3 fruits


   Skills:
 + Level 2.7(1.8) Fighting
 * Level 4.0(3.2) Axes
 - Level 1.7(0.9) Stealth
 - Level 1.0(0.2) Spellcasting
   Level 2.6(1.8) Ice Magic
   Level 1.0(0.2) Poison Magic


You had one spell level left.
You knew the following spells:

 Your Spells              Type           Power        Failure   Level  Hunger
a - Sandblast             Erth           #.....       24%         1    ##.....
b - Blink                 Tloc           N/A          38%         2    ###....
c - Repel Missiles        Chrm/Air       #.....       38%         2    ###....


Dungeon Overview and Level Annotations

Branches:
Dungeon (3/15)

Altars:
Makhleb
Okawaru
Sif Muna


Innate Abilities, Weirdness & Mutations

You are partially covered in molten scales. (AC +2)
You are slightly more attuned to the shadows.


Message History

You kill the gnoll!
Makhleb accepts your kill.
You have reached level 5!
A gnoll comes into view. It is wielding a flail.
You hit the gnoll.
The gnoll is moderately wounded.
You hear a shout!
The gnoll hits you with a flail.
A gnoll comes into view. It is wielding a spear.
You hit the gnoll.
The gnoll is severely wounded.
The gnoll hits you from afar with a spear.
* * * LOW HITPOINT WARNING * * *
The gnoll misses you.
You barely miss the gnoll.
The gnoll is severely wounded.
The gnoll hits you from afar with a spear.
* * * LOW HITPOINT WARNING * * *
The gnoll hits you with a flail.
You die...

#.#.##.##..........#
#.. .....g........#
#.. #.##.........#
###.. .. #.........#
#.... .
#.....[...#####.###
##.# ##.###'#####....#
# ...# #.g##.# ##....#
# #.###
##########g##.#
#.....# ##...#
#........@..#.#
#....##
#....###...........#.#
#....#
.._.....)............#
#....#
....##.#).........#..#
#....#
...###.#..........#..#
#.####
##.###.####..........#
#.# #.....#
#..........# #.# ####
##.#####.##....).....#
#.# #...
#.[...##.##..........#
#.####.##


You could see 2 gnolls.

Vanquished Creatures
  2 gnolls (D:3)
  4 adders
  4 worms
  A dart slug (D:1)
  2 leopard geckos
  An orc (D:3)
  3 giant cockroaches
  9 goblins
  9 hobgoblins
  5 jackals
  6 kobolds
  A quokka (D:3)
  3 bats
  3 frilled lizards
  16 rats
69 creatures vanquished.

Vanquished Creatures (others)
  4 toadstools (D:1)
4 creatures vanquished.

Grand Total: 73 creatures vanquished

Notes
Turn   | Place    | Note
-------+----------+-------------------------------------------
     0 | D:1      | tsouns the Demonspawn Wanderer began the quest for the Orb.
     0 | D:1      | tsouns set off with: a +2 hand axe, the Papyrus of the Rocks, the Catalogue of Displacement, a +0 robe, a +0 dagger, a bread ration
     0 | D:1      | Reached XP level 1. HP: 15/15 MP: 2/2
     0 | D:1      | Identified the Papyrus of the Rocks
     0 | D:1      | Identified the Catalogue of Displacement
     2 | D:1      | Learned a level 1 spell: Sandblast
    60 | D:1      | Reached skill level 2 in Axes
   128 | D:1      | Gained mutation: You are partially covered in molten scales. (AC +2) [demonic ancestry]
   128 | D:1      | Reached XP level 2. HP: 17/21 MP: 3/3
   512 | D:1      | Gained mutation: You are slightly more attuned to the shadows. [demonic ancestry]
   512 | D:1      | Reached XP level 3. HP: 25/27 MP: 4/4
   870 | D:2      | Reached skill level 3 in Axes
  1689 | D:2      | Learned a level 2 spell: Blink
  1702 | D:2      | Reached XP level 4. HP: 32/34 MP: 5/5
  1719 | D:2      | Found a burning altar of Makhleb.
  1719 | D:2      | Noticed an Executioner
  1804 | D:2      | Noticed a smoke demon
  1804 | D:2      | Noticed a smoke demon
  1806 | D:2      | Became a worshipper of Makhleb the Destroyer
  1894 | D:2      | Found an iron altar of Okawaru.
  2057 | D:3      | Learned a level 2 spell: Repel Missiles
  2521 | D:3      | Found a deep blue altar of Sif Muna.
  2536 | D:3      | Reached skill level 4 in Axes
  2625 | D:3      | Reached XP level 5. HP: 16/39 MP: 6/6
  2628 | D:3      | Slain by a gnoll

Vault maps used:
D:1:      ldierk_walled_garden_2, minmay_rat_gold_closets
D:2:      lemuel_doored_altar, makhleb_altar_promises_db
D:3:      nicolae_overflow_crystal_walls

Skill      XL: |  1  2  3  4 |
---------------+-------------+-----
Axes           | 2 3 4 |  4.0
Fighting       | 2 |  2.7
Stealth        | |  1.7
Spellcasting   | |  1.0
Ice Magic      | |  2.6
Poison Magic   | |  1.0

Action                   |  1- 3 |  4- 6 || total
-------------------------+-------+-------++-------
Melee: Hand axe          |   139 |    97 ||   236
 Cast: Repel Missiles    |       |     2 ||     2
  Use: Scroll            |     8 |     3 ||    11
       Potion            |     1 |       ||     1
 Stab: Sleeping          |     3 |     3 ||     6
  Eat: Chunk             |     3 |     3 ||     6
Armor: Robe              |    57 |    34 ||    91
Dodge: Dodged            |    84 |    60 ||   144
       Deflected         |       |     1 ||     1
